 Dungeon Crawl Stone Soup version 0.24.0-37-gcf1ca852f1 (webtiles) character file.

Game seed: 12199270538920243246, levelgen mode: deterministic

9113 Belius the Protected (level 11, -1/87 HPs)
             Began as a Formicid Abyssal Knight on Dec 5, 2019.
             Was an Elder of Lugonu.
             Killed from afar by Erolcha (16 damage)
             ... with a crystal spear
             ... on level 10 of the Dungeon.
             The game lasted 00:42:15 (15814 turns).

Belius the Protected (Formicid Abyssal Knight)     Turns: 15814, Time: 00:42:16

Health: -1/87      AC: 16    Str: 17 (19) XL:     11   Next: 68%
Magic:  15/15      EV:  4    Int: 12 (15) God:    Lugonu [****..]
Gold:   97         SH:  8    Dex:  8 (10) Spells: 10/10 levels left

rFire    . . .     SeeInvis +   a - +1 falchion
rCold    . . .     Gourm    .   A - +0 shield of Depression {rPois Int+2} (curse)
rNeg     . . .     Faith    .   l - +0 plate armour
rPois    +         Spirit   .   (helmet unavailable)
rElec    .         Reflect  .   (no cloak)
rCorr    .         Harm     .   d - +0 pair of gloves
MR       +++..                  (no boots)
Stlth    ..........             (no amulet)
HPRegen  0.24/turn              f - ring of protection from magic
MPRegen  0.14/turn              (no ring)

@: studying Armour
A: permanent stasis, dig shafts and tunnels, four strong arms, antennae 3, magic
resistance 1, wild magic 1
a: Dig, Shaft Self, Depart the Abyss, Bend Space, Banish, Corrupt, Renounce
Religion


You were on level 10 of the Dungeon.
You worshipped Lugonu.
Lugonu was greatly pleased with you.
You were not hungry.

You visited 1 branch of the dungeon, and saw 10 of its levels.
You visited the Abyss 1 time.
You also visited: Bailey.

You collected 440 gold pieces.
You spent 343 gold pieces at shops.

Inventory:

Hand Weapons
 a - a +1 falchion (weapon)
 g - a +0 long sword of holy wrath
 i - a +2 dagger of flaming
Armour
 d - a +0 pair of gloves (worn)
 l - a +0 plate armour (worn)
 A - the cursed +0 shield of Depression (worn) {rPois Int+2}
   (You bought it in a shop on level 7 of the Dungeon)

   It affects your intelligence (+2).
   It protects you from poison.
   It has a curse placed upon it.
Jewellery
 f - a ring of protection from magic (left hand)
Scrolls
 b - a scroll of random uselessness
 h - 3 scrolls of enchant armour
 j - 3 scrolls of fear
 k - 4 scrolls of remove curse
 o - 2 scrolls of fog {unknown}
 p - 2 scrolls of amnesia
 v - a scroll of enchant weapon {unknown}
 z - a scroll of holy word {unknown}
Potions
 q - a potion of mutation
Books
 s - a manual of Armour
Miscellaneous
 x - a lightning rod (inert)
Comestibles
 c - 18 rations


   Skills:
 + Level 8.8 Fighting
 + Level 10.5 Long Blades
 + Level 11.7 Armour
 - Level 1.0 Dodging
 + Level 7.3 Stealth
 * Level 2.5 Shields
 + Level 5.4 Invocations
 + Level 3.1 Evocations


You had 10 spell levels left.
You didn't know any spells.
Your spell library contained the following spells:

 Spells                   Type           Power        Failure   Level  Hunger
 Magic Dart               Conj           #...         100%        1    ##.....
 Summon Small Mammal      Summ           #...         100%        1    ##.....
 Call Imp                 Summ           #.......     100%        2    ###....
 Searing Ray              Conj           #.....       100%        2    ###....
 Call Canine Familiar     Summ           #.......     100%        3    ####...
 Dazzling Spray           Conj/Hex       #.....       100%        3    ####...
 Summon Guardian Golem    Hex/Summ       #.......     100%        3    ####...
 Force Lance              Conj/Tloc      #.......     100%        4    #####..
 Fulminant Prism          Conj/Hex       #.........   100%        4    #####..
 Iskenderun's Mystic Bla  Conj           #.......     100%        4    #####..
 Summon Ice Beast         Ice/Summ       #.......     100%        4    #####..
 Summon Lightning Spire   Summ/Air       #.......     100%        4    #####..


Dungeon Overview and Level Annotations

Branches:
Dungeon (10/15)            Temple (0/1) D:4          Bailey (visited)
   Lair: D:8-11         Orc: D:9-12

Altars:
Ashenzari
Elyvilon
Fedhas
Hepliaklqana
Trog
Xom
Yredelemnul

Shops:
D:4 *:(   D:7 ([((:

Annotations:
D:5 1 runed translucent door, Flure's ghost, novice VSMo
D:8 1 runed translucent door
D:10 Erolcha; Sonja


Innate Abilities, Weirdness & Mutations

You cannot be hasted, slowed, berserked, paralysed or teleported.
You can dig through walls and to a lower floor.
Your four strong arms can wield two-handed weapons with a shield.
You have a pair of large antennae on your head. (SInv)
You are resistant to hostile enchantments. (MR+)
Your spells are a little harder to cast, but a little more powerful.


Message History

Erolcha hits you but does no damage.
You hit Erolcha but do no damage.
Erolcha is moderately wounded.
You block Erolcha's attack.
You hit Erolcha.
Erolcha is moderately wounded.
You block Erolcha's attack.
You hit Erolcha but do no damage.
Erolcha is moderately wounded.
Erolcha completely misses you.
You barely miss Erolcha.
Erolcha is moderately wounded.
Erolcha points at you and mumbles some strange words.
The crystal spear hits you!!
* * * LOW HITPOINT WARNING * * *
You hit Erolcha.
Erolcha is moderately wounded.
Erolcha casts a spell at you. The crystal spear hits you!
You die...

#.<..######.# #..........
#...........###..........
#..≈≈≈≈≈≈≈..##<.#........
#..≈##÷##≈..##..#........
#..≈#...# ..##......#####
#..≈#.∩.#≈.....#.##.#
##.≈#...#≈(.####....#
###.≈#####≈..######..#######
.<..≈≈≈≈≈≈≈.....@OoZ..%?....
............########.#.#####
........... #...#
########... .Z.... /..
........ .. #........
#..[..... #.....>..


You could see Erolcha, an orc and a worker ant zombie.

Vanquished Creatures
  Josephine (D:10)
  Pikel (D:5)
  2 orc knights (Bailey)
  A troll (D:9)
  Prince Ribbit (D:6)
  A hippogriff (D:10)
  Sigmund (D:5)
  A spriggan (D:8)
  Eustachio (D:6)
  8 yaks
  2 wraiths
  Menkaure (D:6)
  7 orc warriors
  2 slaves (D:5)
  An eye of draining (D:9)
  An ice beast (D:8)
  2 sky beasts
  2 black bears (D:8)
  6 ogres
  3 centaurs
  A phantom (D:6)
  A big kobold (D:8)
  Blork the orc (D:5)
  2 bullfrogs
  A water moccasin zombie (D:10)
  2 scorpions
  8 killer bees
  9 wights
  2 howler monkeys
  2 crimson imps
  A human zombie (D:8)
  11 orc wizards
  4 hounds
  A jelly (D:7)
  3 orc priests
  Ijyb (D:5)
  An iguana (D:10)
  8 worker ants
  A mummy (D:5)
  12 adders
  2 shadow imps
  3 oozes
  An adder zombie (D:6)
  An adder skeleton (D:9)
  4 worms
  3 dart slugs
  6 leopard geckos
  37 orcs
  A ball python (D:1)
  2 giant cockroaches
  15 goblins
  7 hobgoblins
  3 jackals (D:5)
  4 quokkas
  A ball python skeleton (D:3)
  8 bats
  6 frilled lizards
  A goblin skeleton (D:8)
  2 hobgoblin zombies (D:5)
  10 kobolds
  A kobold zombie (D:5)
  An orc zombie (D:5)
  4 rats
240 creatures vanquished.

Vanquished Creatures (others)
  A worm (D:5)
  A leopard gecko (D:5)
  A withered plant (D:5)
3 creatures vanquished.

Grand Total: 243 creatures vanquished

Notes
Turn   | Place    | Note
-------+----------+-------------------------------------------
     0 | Abyss:1  | Belius the Formicid Abyssal Knight began the quest for the
                  | Orb.
     0 | Abyss:1  | Reached XP level 1. HP: 18/18 MP: 2/2
    69 | Abyss:1  | Noticed a deep elf elementalist
    70 | Abyss:1  | Noticed a reaper
    71 | Abyss:1  | Noticed an ancient zyme
    72 | D:1      | Escaped the Abyss
   127 | D:1      | Reached XP level 2. HP: 5/25 MP: 3/3
   636 | D:1      | Reached * piety under Lugonu
   817 | D:1      | Reached XP level 3. HP: 30/30 MP: 4/4
   904 | D:1      | Reached skill level 1 in Dodging
  1069 | D:2      | Reached XP level 4. HP: 11/38 MP: 5/5
  1212 | D:2      | Reached skill level 5 in Fighting
  1578 | D:2      | Reached XP level 5. HP: 12/44 MP: 6/6
  2097 | D:2      | Reached ** piety under Lugonu
  3154 | D:3      | Found a faded altar of an unknown god.
  3281 | D:3      | Reached XP level 6. HP: 28/51 MP: 7/7
  4116 | D:4      | Found Juoxkaeg's Book Shoppe.
  4149 | D:4      | Found a staircase to the Ecumenical Temple.
  4286 | D:4      | Reached skill level 3 in Armour
  4371 | D:4      | Found Enoczi's Assorted Antiques.
  4377 | D:4      | Noticed an ogre
  4620 | D:4      | Bought a scroll labeled TUXIMA QEZXAIDD for 23 gold pieces
  4620 | D:4      | Bought a scroll labeled PONLEA ZIGIQON for 23 gold pieces
  4620 | D:4      | Bought a lumpy orange potion for 20 gold pieces
  4731 | D:4      | Found a white marble altar of Elyvilon.
  4765 | D:4      | Reached skill level 1 in Stealth
  4919 | D:5      | Entered Level 5 of the Dungeon
  4919 | D:5      | Noticed an ogre
  4919 | D:5      | Noticed a sky beast
  4947 | D:5      | Noticed an ogre
  5095 | D:5      | Gained mutation: Your spells are a little harder to cast,
                  | but a little more powerful. [potion of mutation]
  5095 | D:5      | Gained mutation: You are resistant to hostile enchantments.
                  | (MR+) [potion of mutation]
  5099 | D:5      | Killed a sky beast
  5099 | D:5      | Reached XP level 7. HP: 38/57 MP: 8/8
  5206 | D:5      | Noticed Blork the orc
  5478 | D:5      | Killed Blork the orc
  5478 | D:5      | Reached skill level 5 in Long Blades
  5523 | D:4      | Reached skill level 4 in Armour
  5823 | D:5      | Noticed Ijyb
  5849 | D:5      | Killed Ijyb
  6115 | D:5      | Reached XP level 8. HP: 54/64 MP: 8/10
  6136 | D:5      | Noticed Pikel
  6204 | D:5      | Killed Pikel
  6204 | D:5      | Reached skill level 6 in Armour
  6470 | D:5      | Found a shattered altar of Ashenzari.
  6528 | D:5      | Found a runed translucent door.
  6528 | D:5      | Noticed Flure's ghost (novice VSMo)
  6831 | D:4      | Bought a silver wand for 92 gold pieces
  6845 | D:4      | Reached XP level 9. HP: 61/71 MP: 11/11
  7042 | D:4      | Found Guuhot's Antique Weapon Shoppe.
  7295 | D:5      | Noticed Sigmund
  7315 | D:5      | Killed Sigmund
  7330 | D:5      | Reached *** piety under Lugonu
  7332 | D:5      | Got a dazzling chain mail
  7344 | D:5      | Identified the cursed +1 chain mail of the Slorg {+Fly rF-
                  | Dex+4} (You found it on level 5 of the Dungeon)
  7563 | D:6      | Reached skill level 7 in Armour
  7862 | D:6      | Noticed Menkaure
  7884 | D:6      | Killed Menkaure
  7916 | D:6      | Noticed Prince Ribbit
  7942 | D:6      | Killed Prince Ribbit
  8228 | D:6      | Noticed Eustachio
  8247 | D:6      | Killed Eustachio
  8823 | D:7      | Found Nosiog's Armour Shoppe.
  8916 | D:7      | Found Cuagyobuth's Weapon Shop.
  9089 | D:7      | Found Guuhidum's Book Shop.
  9151 | D:7      | Reached XP level 10. HP: 23/79 MP: 12/12
  9487 | D:7      | Reached skill level 8 in Armour
  9535 | D:7      | Found Sitsyi's Weapon Shop.
  9645 | D:7      | Found Ezoup's Antique Weapon Shoppe.
  9944 | D:8      | Reached skill level 5 in Stealth
 10010 | D:8      | Reached **** piety under Lugonu
 10347 | D:7      | Reached skill level 9 in Armour
 10347 | D:7      | Reached skill level 1 in Evocations
 10634 | D:8      | Found a bloodstained altar of Trog.
 10818 | D:8      | Found a runed translucent door.
 10821 | D:8      | Found a basalt altar of Yredelemnul.
 12310 | D:9      | Found a blossoming altar of Fedhas.
 12312 | D:9      | Found a shimmering altar of Xom.
 12476 | D:9      | Reached skill level 10 in Armour
 12850 | D:9      | Reached XP level 11. HP: 75/87 MP: 13/13
 13505 | D:7      | Bought the cursed +0 shield of Depression {rPois Int+2} for
                  | 185 gold pieces
 13630 | D:9      | Found a hazy altar of Hepliaklqana.
 14277 | D:10     | Entered Level 10 of the Dungeon
 14277 | D:10     | Noticed Josephine
 14300 | D:9      | Reached skill level 10 in Long Blades
 14357 | D:10     | Found a flagged portal.
 14380 | D:10     | Killed Josephine
 14380 | D:10     | Reached skill level 11 in Armour
 14380 | D:10     | Reached skill level 1 in Shields
 14380 | D:10     | Reached skill level 5 in Invocations
 14601 | Bailey   | Entered a bailey
 14601 | Bailey   | Noticed an orc knight
 14602 | Bailey   | Noticed an orc knight
 14781 | Bailey   | Killed an orc knight
 15057 | Bailey   | Killed an orc knight
 15057 | Bailey   | Noticed an orc knight
 15063 | Bailey   | Noticed an orc knight
 15656 | D:10     | Noticed Sonja
 15782 | D:10     | Noticed Erolcha
 15814 | D:10     | Killed from afar by Erolcha

Levels and vault maps discovered:
D:1:      eino_arrival_water_star, layout_loops_ring
D:2:      layout_rooms
D:3:      layout_basic, chequers_ecumenical_altar_simple_redux
D:4:      layout_gridville, minmay_temple_entry_large_hall, serial_shops, shop,
          nicolae_shop_stone, shop, elyvilon_altar_3
D:5:      layout_basic, kennysheep_mini_moat, first_ration,
          gammafunk_ghost_grave, minmay_mini_ossuary, uniq_pikel, uniq_ijyb,
          uniq_blork_the_orc, uniq_sigmund
D:6:      layout_basic, minmay_manual_mandibuliform, uniq_eustachio,
          uniq_prince_ribbit1, uniq_menkaure
D:7:      layout_gridville, serial_shops, nicolae_shop_crystal, kennysheep_mini,
          shop, shop, nicolae_shop_waterfront
D:8:      layout_rooms, trog_ov_bears_minmay, the_bakery,
          minmay_misc_feat_hallway, dk_yredelemnul_ordeal
D:9:      layout_small_grid, marbit_many_paths, grunt_temple_overflow_open,
          grunt_decor_one_mirror, chequers_serial_rivers_small_b
D:10:     cheibrodos_orc_bank, layout_rooms, enter_bailey_3, uniq_josephine,
          uniq_joseph, uniq_erolcha, uniq_sonja

Skill      XL: |  1  2  3  4  5  6  7  8  9 10 11 |
---------------+----------------------------------+-----
Fighting       | 4 5 6 7 8 |  8.8
Dodging        | 1 |  1.0
Long Blades    | 3 4 5 7 8 9 10 | 10.5
Armour         | 3 4 6 7 10 11 | 11.7
Stealth        | 1 4 6 7 |  7.3
Invocations    | 3 5 |  5.4
Evocations     | 2 3 |  3.1
Shields        | 2 |  2.5

Action                   |  1- 3 |  4- 6 |  7- 9 | 10-12 || total
-------------------------+-------+-------+-------+-------++-------
Melee: Falchion          |    16 |   191 |   206 |   107 ||   520
       Short sword       |    45 |    51 |       |       ||    96
       Dagger            |       |    10 |       |       ||    10
       Long sword        |       |       |   191 |   511 ||   702
Invok: Depart the Abyss  |     1 |       |       |       ||     1
       Bend Space        |       |       |     7 |     7 ||    14
 Abil: Dig               |     1 |     4 |     8 |    19 ||    32
Evoke: Wand              |       |       |     6 |    55 ||    61
       Lightning rod     |       |       |       |     4 ||     4
  Use: Scroll            |       |     4 |     6 |     6 ||    16
       Potion            |       |     2 |    13 |     6 ||    21
 Stab: Paralysed         |       |       |       |     9 ||     9
  Eat: Chunk             |       |    10 |    13 |     8 ||    31
       Ration            |       |     2 |       |     5 ||     7
Armor: Leather armour    |    17 |    41 |       |       ||    58
       Chain mail        |       |    42 |   200 |   211 ||   453
       Plate armour      |       |       |       |    96 ||    96
Dodge: Dodged            |    30 |   145 |   135 |   150 ||   460
Block: Shield            |       |       |       |    64 ||    64
       Rpst.: Falchion   |     4 |    33 |    18 |     3 ||    58
       Long sword        |       |       |    22 |    44 ||    66
